 Dungeon Crawl Stone Soup version 0.19-a0-854-gc78d25d (webtiles) character file.

1073 Implojin the Cleaver (level 8, 0/64 HPs)
             Began as a Minotaur Fighter on July 1, 2016.
             Was a Priest of Okawaru.
             Slain by an orc warrior
             ... wielding a +0 halberd
              (26 damage)
             ... on level 7 of the Dungeon.
             The game lasted 00:05:23 (861 turns).

Implojin the Cleaver (Minotaur Fighter)              Turns: 861, Time: 00:05:23

Health: 0/64       AC:  6    Str: 20    XL:     8   Next: 7%
Magic:  6/7        EV:  7    Int:  5    God:    Okawaru [***...]
Gold:   0          SH:  9    Dex: 16    Spells: 0 memorised, 7 levels left

rFire  . . .     SeeInvis .     a - +0 war axe
rCold  . . .     Gourm    .     b - +0 scale mail
rNeg   . . .     Faith    .     c - +0 shield
rPois  .         Spirit   .     (helmet restricted)
rElec  +         Dismiss  .     (no cloak)
rCorr  .         Reflect  .     (no gloves)
SustAt .         Harm     .     (no boots)
MR     .....                    l - amulet "Acobb" {+Rage rElec Dex+3}
Stlth  ..........               (no ring)
                                (no ring)

@: drained, not resistant to hostile enchantments, extremely unstealthy
A: retaliatory headbutt, horns 2
a: Heroism, Renounce Religion, Evoke Berserk Rage


You were on level 7 of the Dungeon.
You worshipped Okawaru.
Okawaru was most pleased with you.
You were not hungry.

You visited 1 branch of the dungeon, and saw 7 of its levels.

Inventory:

Hand Weapons
 a - a +0 war axe (weapon)
 h - a +0 falchion of slicing
Armour
 b - a +0 scale mail (worn)
 c - a +0 shield (worn)
Jewellery
 k - an uncursed amulet of the gourmand {unknown}
 l - the amulet "Acobb" (around neck) {+Rage rElec Dex+3}
   (You found it on level 4 of the Dungeon)

   [amulet of rage]

   It affects your dexterity (+3).
   It insulates you from electricity.
   It lets you go berserk.
Wands
 r - a wand of random effects (47/48)
Scrolls
 d - a scroll of teleportation
 i - a scroll of recharging
 n - a scroll of remove curse
 p - a scroll of blinking
 q - a scroll of enchant weapon
Potions
 j - a potion of resistance
 o - a potion of flight
Books
 m - a book of the Warp

   Spells                             Type                      Level
   a - Recall                         Summoning/Translocation      3
   b - Gell's Gravitas                Hexes/Translocation          3
   c - Force Lance                    Conjuration/Translocation    4
   d - Warp Weapon                    Charms/Translocation         5
   e - Summon Forest                  Summoning/Translocation      5
Comestibles
 f - 2 bread rations
 g - 3 meat rations


   Skills:
 - Level 3.6(3.5) Fighting
 * Level 11.3(11.2) Axes
 - Level 3.6(3.5) Armour
 - Level 3.6(3.5) Shields


You had 7 spell levels left.
You didn't know any spells.

Dungeon Overview and Level Annotations

Branches:
Dungeon (7/15)
 Temple: D:4-7

Altars:
Nemelex Xobeh
Okawaru
Uskayaw
Xom

Shops:
D:6 [


Innate Abilities, Weirdness & Mutations

You reflexively headbutt those who attack you in melee.
You have a pair of horns on your head.


Message History

The orc warrior closely misses you.
You see here a falchion.
You hit the orc warrior.
The orc warrior is lightly wounded.
You barely miss the wight. You block the wight's attack.
You slash the orc warrior!
The orc warrior is heavily wounded.
You slash the wight!
The orc warrior hits you with a halberd!!
The wight hits you with a dire flail of freezing.
You feel drained. The wight freezes you.
Your shield and scale mail prevent you from hitting the orc warrior.
You headbutt the orc warrior, but do no damage.
The orc warrior is heavily wounded.
You closely miss the wight.
Unknown command.
You slash the orc warrior!
You headbutt the orc warrior, but do no damage.
The orc warrior is almost dead.
You slash the wight! You block the orc warrior's attack.
The wight hits you with a dire flail of freezing!
* * * LOW HITPOINT WARNING * * *
The wight freezes you.
* * * LOW HITPOINT WARNING * * *
Unknown command.
You closely miss the orc warrior.
The orc warrior is almost dead.
You hit the wight.
You destroy the wight!
Okawaru accepts your kill.
The orc warrior hits you with a halberd!
* * * LOW HITPOINT WARNING * * *
You closely miss the orc warrior.
You headbutt the orc warrior, but do no damage.
The orc warrior is almost dead.
You feel like a meek peon again.
You closely miss the orc warrior. Your headbutt misses the orc warrior.
The orc warrior is almost dead.
The orc warrior hits you with a halberd!!
You die...

####....# (.....#.#
#. ####..#.# #.#
####..#.# ### # #.#
........# #.. . #
#.# ####..### #.#
#.# #.# #..# #.# #.#
#.#
#..#######.#####.#.#
#.###
#..$........<@o.#
#.## #....
##.#######.###.##
##.#####.### #.# #.#
##.###..o.....###
#.# #.#
##.#.⌠.⌠o....... #.#
#.# ##..._..###..##
#.# #.# #.#⌠.⌠##
##.# #.#
#............# .# #.
######.####### .# #.
.#


You could see an orc warrior.

Vanquished Creatures
  The ghost of typo the Spear-Bearer, a novice MiBe of Trog (D:6)
  A black bear (D:7)
  A centaur (D:5)
  A giant frog (D:6)
  A scorpion (D:6)
  A wight (D:7)
  5 killer bees (D:7)
  A crimson imp (D:7)
  An orc wizard (D:4)
  A shadow imp (D:6)
  A worm (D:2)
  3 giant geckos
  An orc (D:7)
  A ball python (D:3)
  A giant cockroach (D:7)
  2 goblins
  2 hobgoblins (D:3)
  3 jackals (D:6)
  2 giant newts
  2 kobolds (D:3)
  2 quokka skeletons
34 creatures vanquished.

Notes
Turn   | Place    | Note
-------+----------+-------------------------------------------
     0 | D:1      | Implojin the Minotaur Fighter began the quest for the Orb.
     0 | D:1      | Reached XP level 1. HP: 19/19 MP: 0/0
    72 | D:2      | Found an iron altar of Okawaru.
    80 | D:2      | Became a worshipper of Warmaster Okawaru
    88 | D:2      | Reached skill level 3 in Axes
    88 | D:2      | Reached XP level 2. HP: 17/26 MP: 1/1
   180 | D:4      | Got a twitching jade amulet
   181 | D:4      | Identified the amulet "Acobb" {+Rage rElec Dex+3} (You found it on level 4 of the Dungeon)
   198 | D:4      | Reached skill level 4 in Axes
   198 | D:4      | Reached XP level 3. HP: 19/31 MP: 2/2
   213 | D:4      | Found a shimmering altar of Xom.
   213 | D:4      | Found a hide-covered altar of Uskayaw.
   219 | D:5      | Entered Level 5 of the Dungeon
   253 | D:5      | Noticed a centaur
   258 | D:5      | Killed a centaur
   258 | D:5      | Reached * piety under Okawaru
   258 | D:5      | Reached skill level 6 in Axes
   258 | D:5      | Reached XP level 4. HP: 25/39 MP: 3/3
   288 | D:6      | Reached XP level 5. HP: 23/45 MP: 4/4
   309 | D:6      | Noticed typo's ghost (novice MiBe)
   317 | D:6      | Killed typo's ghost
   317 | D:6      | Reached ** piety under Okawaru
   317 | D:6      | Reached skill level 9 in Axes
   317 | D:6      | Reached XP level 6. HP: 17/51 MP: 2/5
   317 | D:6      | Reached XP level 7. HP: 19/57 MP: 2/6
   347 | D:6      | Found Fojouso's Armour Emporium.
   452 | D:7      | Reached skill level 10 in Axes
   477 | D:7      | Found a sparkling altar of Nemelex Xobeh.
   485 | D:7      | Reached *** piety under Okawaru
   531 | D:7      | Reached skill level 11 in Axes
   538 | D:7      | Reached XP level 8. HP: 22/64 MP: 2/7
   861 | D:7      | Slain by an orc warrior

Vault maps used:
D:1:      saegor_arrival_simple_a
D:2:      okawaru_ov_weapons_minmay, uniq_robin, uniq_natasha
D:3:      wad_lake_hut, gammafunk_temple_overflow_statue, minmay_misc_feat_doors
D:4:      lemuel_coloured_pillars_altar, nicolae_overflow_crystal_walls,
          overflow_temple_1_default, elyvilon_altar_5, dk_noncrumbling_4,
          kennysheep_generic_room_15
D:5:      lemuel_round_altar, first_bread, uniq_crazy_yiuf_cottage
D:6:      serial_shops, nicolae_shop_crystal
D:7:      nicolae_overflow_hidden_temple, nemelex_xobeh_ov_fountains_minmay

Skill      XL: |  1  2  3  4  5  6  7 |
---------------+----------------------+-----
Axes           | 3 4 6 9 11 | 11.3
Fighting       | |  3.6
Armour         | |  3.6
Shields        | |  3.6

Action                   |  1- 3 |  4- 6 |  7- 9 || total
-------------------------+-------+-------+-------++-------
Melee: War axe           |    45 |    14 |    49 ||   108
       Headbutt          |     6 |     5 |    11 ||    22
Invok: Heroism           |       |     1 |     6 ||     7
  Use: Potion            |     1 |       |       ||     1
       Scroll            |       |       |     7 ||     7
Armor: Scale mail        |    25 |     3 |    10 ||    38
Dodge: Dodged            |    11 |     1 |    19 ||    31
Block: Shield            |    23 |     5 |    32 ||    60

Table legend:
 A = Turns spent in this place as a percentage of turns spent in the entire game.
 B = Non-inter-level travel turns spent in this place as a percentage of non-inter-level travel turns spent in the entire game.
 C = Inter-level travel turns spent in this place as a percentage of turns spent in this place.
 D = Turns resting spent in this place as a percentage of non-inter-level travel turns spent in this place.
 E = Turns spent auto-exploring this place as a percentage of non-inter-level travel turns spent in this place.
 F = Non-inter-level travel turns spent in this place divided by the number of levels of this place that you've seen.
                   A       B       C       D       E      F
               +-------+-------+-------+-------+-------+----------------------
         Total | 100.0 | 100.0 |   0.0 |   0.3 |   0.0 |  99.0
       Dungeon | 100.0 | 100.0 |   0.0 |   0.3 |   0.0 |  99.0
               +-------+-------+-------+-------+-------+----------------------

Table legend:
 A = Kills in this place as a percentage of kills in entire the game.
 B = Kills by you in this place as a percentage of kills by you in the entire game.
 C = Kills by friends in this place as a percentage of kills by friends in the entire game.
 D = Other kills in this place as a percentage of other kills in the entire game.
 E = Experience gained in this place as a percentage of experience gained in the entire game.
 F = Experience gained in this place divided by the number of levels of this place that you have seen.
                   A       B       C       D       E      F
               +-------+-------+-------+-------+-------+----------------------
         Total | 100.0 | 100.0 |  -nan |  -nan | 100.0 | 219.1
       Dungeon | 100.0 | 100.0 |  -nan |  -nan | 100.0 | 219.1
               +-------+-------+-------+-------+-------+----------------------
